3AAA
NOLENSVILLE KNIGHTS @ MILTON DOGFISH HEAD
05/06/2042
 
TOP OF THE 1ST
Nolensville Knights batting - Pitching for Milton Dogfish Head : RHP António Morales
Pitching: RHP António Morales
Batting: LHB Brian Harmon 0-0: Ball
1-0: Ball
2-0: Called Strike
2-1: Ball
3-1: Swinging Strike
3-2: Foul Ball, location: 2F
3-2: DOUBLE (Line Drive, 7LS, EV 101.2 MPH)
Batting: RHB Dave Maxwell 0-0: Ball
1-0: DOUBLE (Groundball, 5L, EV 103.1 MPH)
Brian Harmon scores
Batting: LHB Russell Hamilton 0-0: Ball
1-0: Called Strike
1-1: Foul Ball, location: 2F
1-2: Ground out U3 (Groundball, 3, EV 80.0 MPH)
Dave Maxwell to third
Batting: RHB Omar Luoa 0-0: Called Strike
0-1: Called Strike
0-2: Fly out, F4 (Popup, 3S, EV 70.6 MPH)
Batting: LHB Juan Jimínez 0-0: Ball
1-0: Called Strike
1-1: Ball
2-1: Ground out U3 (Groundball, 3, EV 103.8 MPH)
Top of the 1st over - 1 run, 2 hits, 0 errors, 1 left on base; Nolensville 1 - Milton 0
BOTTOM OF THE 1ST
Milton Dogfish Head batting - Pitching for Nolensville Knights : RHP Greg Poe
Pitching: RHP Greg Poe
Batting: RHB Anthony Hollis 0-0: Called Strike
0-1: Ball
1-1: Fly out, F8 (Flyball, 8LM, EV 93.8 MPH)
Batting: RHB Cédric Causse 0-0: Called Strike
0-1: Ball
1-1: Called Strike
1-2: Ball
2-2: SINGLE (Line Drive, 56, EV 96.2 MPH)
Batting: RHB Colton Pennington 0-0: Called Strike
0-1: Ball
1-1: Hit by Pitch
Cédric Causse to second
Batting: RHB Bobby Norris 0-0: Ball
1-0: Fielders Choice at 2nd, 6-4 (Groundball, 6, EV 101.2 MPH)
Cédric Causse to third
Batting: RHB Arnie Taylor 0-0: Ball
1-0: Called Strike
1-1: Ball
2-1: Ball
3-1: Called Strike
3-2: Fly out, F9 (Flyball, 9, EV 91.9 MPH)
Bottom of the 1st over - 0 runs, 1 hit, 0 errors, 2 left on base; Nolensville 1 - Milton 0
TOP OF THE 2ND
Nolensville Knights batting - Pitching for Milton Dogfish Head : RHP António Morales
Batting: RHB Dale Goodman 0-0: Called Strike
0-1: Ball
1-1: Foul Ball, location: 2F
1-2: Ball
2-2: Strikes out looking
Batting: LHB Jorge Mateu 0-0: Ball
1-0: SOLO HOME RUN (Flyball, 89XD, EV 109.4 MPH), Distance : 389 ft
Batting: RHB Ace Felder 0-0: Ball
1-0: Swinging Strike
1-1: Ground out 4-3 (Groundball, 4, EV 100.0 MPH)
Batting: RHB Juan Perales 0-0: Called Strike
0-1: Ground out 4-3 (Groundball, 4, EV 88.8 MPH)
Top of the 2nd over - 1 run, 1 hit, 0 errors, 0 left on base; Nolensville 2 - Milton 0
BOTTOM OF THE 2ND
Milton Dogfish Head batting - Pitching for Nolensville Knights : RHP Greg Poe
Batting: RHB Tyler Marés 0-0: Ball
1-0: Ball
2-0: Called Strike
2-1: Ball
3-1: SOLO HOME RUN (Flyball, 7D, EV 95.6 MPH), Distance : 393 ft
Batting: RHB Hyeon-cheong Kim 0-0: Called Strike
0-1: Ball
1-1: Ball
2-1: Swinging Strike
2-2: Ball
3-2: Foul Ball, location: 2F
3-2: Base on Balls
Batting: RHB Tae-wan Park 0-0: Ball
1-0: Fly out, F6 (Line Drive, 6M, EV 85.6 MPH)
Batting: RHB Troy Flynn 0-0: Swinging Strike
0-1: Ball
1-1: Ball
2-1: Called Strike
2-2: Ball
3-2: Fly out, F7 (Flyball, 7LS, EV 88.8 MPH)
Batting: RHB Anthony Hollis 0-0: Called Strike
0-1: Ground out 4-3 (Groundball, 4, EV 90.0 MPH)
Bottom of the 2nd over - 1 run, 1 hit, 0 errors, 1 left on base; Nolensville 2 - Milton 1
TOP OF THE 3RD
Nolensville Knights batting - Pitching for Milton Dogfish Head : RHP António Morales
Batting: LHB Brian Harmon 0-0: Called Strike
0-1: Fly out, F7 (Flyball, 7S, EV 95.6 MPH)
Batting: RHB Dave Maxwell 0-0: Fly out, F7 (Line Drive, 78M, EV 93.1 MPH)
Batting: LHB Russell Hamilton 0-0: Called Strike
0-1: Ball
1-1: Called Strike
1-2: Ball
2-2: Ball
3-2: Base on Balls
Batting: RHB Omar Luoa 0-0: Ball
1-0: DOUBLE (Groundball, 5L, EV 96.9 MPH)
Russell Hamilton to third
Runner from 3rd tries for Home, SAFE, throw by LF to home
Batting: LHB Juan Jimínez 0-0: Ground out 1-3 (Groundball, 34S, EV 85.6 MPH)
Top of the 3rd over - 1 run, 1 hit, 0 errors, 1 left on base; Nolensville 3 - Milton 1
BOTTOM OF THE 3RD
Milton Dogfish Head batting - Pitching for Nolensville Knights : RHP Greg Poe
Batting: RHB Cédric Causse 0-0: Ball
1-0: Called Strike
1-1: Foul Ball, location: 2F
1-2: Ball
2-2: Foul Ball, location: 2F
2-2: Fly out, F8 (Flyball, 8LS, EV 93.8 MPH)
Batting: RHB Colton Pennington 0-0: Ball
1-0: Ball
2-0: DOUBLE (Flyball, 78XD, EV 91.2 MPH)
Batting: RHB Bobby Norris 0-0: Ground out 4-3 (Groundball, 4D, EV 104.4 MPH)
Colton Pennington to third
Batting: RHB Arnie Taylor 0-0: Ball
1-0: Swinging Strike
1-1: Fly out, F8 (Flyball, 78M, EV 92.5 MPH)
Bottom of the 3rd over - 0 runs, 1 hit, 0 errors, 1 left on base; Nolensville 3 - Milton 1
TOP OF THE 4TH
Nolensville Knights batting - Pitching for Milton Dogfish Head : RHP António Morales
Batting: RHB Dale Goodman 0-0: Ball
1-0: Swinging Strike
1-1: Ground out 1-3 (Groundball, 13S, EV 66.9 MPH)
Batting: LHB Jorge Mateu 0-0: Called Strike
0-1: Ball
1-1: Ball
2-1: Foul Ball, location: 2F
2-2: Strikes out looking
Batting: RHB Ace Felder 0-0: Ball
1-0: Swinging Strike
1-1: Swinging Strike
1-2: Foul Ball, location: 2F
1-2: Ball
2-2: Strikes out swinging
Top of the 4th over - 0 runs, 0 hits, 0 errors, 0 left on base; Nolensville 3 - Milton 1
BOTTOM OF THE 4TH
Milton Dogfish Head batting - Pitching for Nolensville Knights : RHP Greg Poe
Batting: RHB Tyler Marés 0-0: Called Strike
0-1: Ball
1-1: Ball
2-1: Ground out 1-3 (Groundball, 13, EV 86.9 MPH)
Batting: RHB Hyeon-cheong Kim 0-0: Called Strike
0-1: SINGLE (Flyball, 8RS, EV 88.1 MPH)
Pitching: LHP Alex Calhoun
Batting: RHB Tae-wan Park 0-0: SINGLE (Groundball, 56D, EV 103.1 MPH)
Hyeon-cheong Kim to second
Batting: RHB Troy Flynn 0-0: Ball
1-0: Fielders Choice at 2nd, 1-4 (Groundball, P, EV 89.4 MPH)
Hyeon-cheong Kim to third
Batting: RHB Anthony Hollis 0-0: Ball
1-0: Ball
2-0: Ball
3-0: Base on Balls
Troy Flynn to second
Batting: RHB Cédric Causse 0-0: Ball
1-0: Foul Ball, location: 2F
1-1: Called Strike
1-2: GRAND SLAM HOME RUN (Flyball, 78XD, EV 112.5 MPH), Distance : 433 ft
Batting: RHB Colton Pennington 0-0: Called Strike
0-1: Swinging Strike
0-2: Ball
1-2: Ball
2-2: Ball
3-2: Base on Balls
Batting: RHB Bobby Norris 0-0: Foul Ball, location: 2F
0-1: Ball
1-1: Swinging Strike
1-2: Ball
2-2: Foul Ball, location: 2F
2-2: Ball
3-2: Foul Ball, location: 2F
3-2: Base on Balls
Colton Pennington to second
Batting: RHB Arnie Taylor 0-0: Called Strike
0-1: Ball
1-1: SINGLE (Flyball, 7S, EV 90.0 MPH)
Colton Pennington to third
Bobby Norris to second
Runner from 3rd tries for Home, SAFE, throw by LF to home
Pitching: RHP Lorenzo Fabián
Batting: RHB Tyler Marés 0-0: Ball
1-0: Called Strike
1-1: Ball
2-1: Called Strike
2-2: Ball
3-2: Base on Balls
Bobby Norris to third
Arnie Taylor to second
Batting: RHB Hyeon-cheong Kim 0-0: Foul Ball, location: 2F
0-1: Ball
1-1: Ball
2-1: Foul Ball, location: 2F
2-2: Strikes out looking
Bottom of the 4th over - 5 runs, 4 hits, 0 errors, 3 left on base; Nolensville 3 - Milton 6
TOP OF THE 5TH
Nolensville Knights batting - Pitching for Milton Dogfish Head : RHP António Morales
Batting: RHB Juan Perales 0-0: Foul Ball, location: 2F
0-1: Foul Ball, location: 2F
0-2: Ball
1-2: Ball
2-2: Foul Ball, location: 2F
2-2: Ball
3-2: SINGLE (Groundball, 4D, EV 105.6 MPH)
Batting: LHB Brian Harmon 0-0: Called Strike
0-1: Sac Bunt to 3S - play at first, batter OUT! 3-4
Juan Perales to second
Batting: RHB Dave Maxwell 0-0: Foul Ball, location: 2F
0-1: Called Strike
0-2: Ball
1-2: Strikes out looking
Batting: LHB Russell Hamilton 0-0: Swinging Strike
0-1: Ball
1-1: SINGLE (Groundball, 4MD, EV 105.6 MPH)
Juan Perales to third
Runner from 3rd tries for Home, SAFE, no throw by CF
Batting: RHB Omar Luoa 0-0: Called Strike
0-1: Ball
1-1: Ball
2-1: Ground out 5-3 (Groundball, 56S, EV 80.6 MPH)
Top of the 5th over - 1 run, 2 hits, 0 errors, 1 left on base; Nolensville 4 - Milton 6
BOTTOM OF THE 5TH
Milton Dogfish Head batting - Pitching for Nolensville Knights : RHP Lorenzo Fabián
Batting: RHB Tae-wan Park 0-0: Ball
1-0: Foul Ball, location: 2F
1-1: Ball
2-1: Ball
3-1: Called Strike
3-2: Strikes out swinging
Batting: RHB Troy Flynn 0-0: Fly out, F9 (Flyball, 9LMF, EV 90.0 MPH)
Batting: RHB Anthony Hollis 0-0: Foul Ball, location: 2F
0-1: Foul Ball, location: 2F
0-2: Foul Ball, location: 2F
0-2: Foul Ball, location: 2F
0-2: Strikes out swinging
Bottom of the 5th over - 0 runs, 0 hits, 0 errors, 0 left on base; Nolensville 4 - Milton 6
TOP OF THE 6TH
Nolensville Knights batting - Pitching for Milton Dogfish Head : RHP António Morales
Batting: LHB Juan Jimínez 0-0: Foul Ball, location: 2F
0-1: Ground out 4-3 (Groundball, 4, EV 78.1 MPH)
Batting: RHB Dale Goodman 0-0: Ball
1-0: Ball
2-0: Ground out 5-3 (Groundball, 56, EV 105.6 MPH)
Batting: LHB Jorge Mateu 0-0: Ball
1-0: Ball
2-0: Ball
3-0: Swinging Strike
3-1: Foul Ball, location: 2F
3-2: Foul Ball, location: 2F
3-2: Fly out, F5 (Popup, 56S, EV 84.4 MPH)
Top of the 6th over - 0 runs, 0 hits, 0 errors, 0 left on base; Nolensville 4 - Milton 6
BOTTOM OF THE 6TH
Milton Dogfish Head batting - Pitching for Nolensville Knights : RHP Lorenzo Fabián
Batting: RHB Cédric Causse 0-0: Ball
1-0: Ball
2-0: Ball
3-0: Called Strike
3-1: Foul Ball, location: 2F
3-2: Foul Ball, location: 2F
3-2: Foul Ball, location: 2F
3-2: TRIPLE (Flyball, 78XD, EV 100.0 MPH)
Batting: RHB Colton Pennington 0-0: Ball
1-0: Foul Ball, location: 2F
1-1: Foul Ball, location: 2F
1-2: DOUBLE (Flyball, 89XD, EV 100.0 MPH)
Cédric Causse scores
Batting: RHB Bobby Norris 0-0: Ball
1-0: Foul Ball, location: 2F
1-1: Ball
2-1: Fly out, F7 (Line Drive, 7, EV 95.6 MPH)
Pitching: RHP Donnie Rawling
Batting: RHB Arnie Taylor 0-0: Called Strike
0-1: Called Strike
0-2: DOUBLE (Line Drive, 9LM, EV 103.1 MPH)
Colton Pennington scores
Batting: RHB Tyler Marés 0-0: Ball
1-0: Ball
Arnie Taylor steals 3rd base
2-0: Foul Ball, location: 2F
2-1: Called Strike
2-2: Ball
3-2: SINGLE (Flyball, 78S, EV 85.0 MPH)
Arnie Taylor scores
Batting: RHB Hyeon-cheong Kim 0-0: Ball
1-0: Ball
2-0: Ball
3-0: Base on Balls
Tyler Marés to second
Batting: RHB Tae-wan Park 0-0: SINGLE (Line Drive, 9S, EV 85.6 MPH)
Tyler Marés to third
Hyeon-cheong Kim to second
Batting: RHB Troy Flynn 0-0: Called Strike
0-1: Ball
1-1: Swinging Strike
1-2: Foul Ball, location: 2F
1-2: Strikes out swinging
Batting: RHB Anthony Hollis 0-0: Swinging Strike
0-1: Called Strike
0-2: Ball
1-2: SINGLE (Flyball, 89M, EV 86.9 MPH)
Tyler Marés scores
Hyeon-cheong Kim to third
Tae-wan Park to second
Runner from 3rd tries for Home, SAFE, throw by RF to home
Batting: RHB Cédric Causse 0-0: Ball
1-0: Fly out, F8 (Line Drive, 8RM, EV 90.6 MPH)
Bottom of the 6th over - 5 runs, 6 hits, 0 errors, 2 left on base; Nolensville 4 - Milton 11
TOP OF THE 7TH
Nolensville Knights batting - Pitching for Milton Dogfish Head : RHP António Morales
Pitching: LHP Poto Boldrini
Batting: RHB Ace Felder 0-0: Fly out, F8 (Flyball, 8LXD, EV 98.8 MPH)
Batting: RHB Juan Perales 0-0: Called Strike
0-1: Ball
1-1: Ball
2-1: Foul Ball, location: 2F
2-2: Ground out 6-3 (Groundball, 6, EV 93.1 MPH)
Batting: LHB Brian Harmon 0-0: Ball
1-0: Ball
2-0: Ground out 1-3 (Groundball, P, EV 90.6 MPH)
Top of the 7th over - 0 runs, 0 hits, 0 errors, 0 left on base; Nolensville 4 - Milton 11
BOTTOM OF THE 7TH
Milton Dogfish Head batting - Pitching for Nolensville Knights : RHP Donnie Rawling
Batting: RHB Colton Pennington 0-0: Swinging Strike
0-1: Foul Ball, location: 2F
0-2: Ball
1-2: Foul Ball, location: 2F
1-2: Foul Ball, location: 2F
1-2: Strikes out swinging
Batting: RHB Bobby Norris 0-0: Foul Ball, location: 2F
0-1: Ball
1-1: Called Strike
1-2: Ball
2-2: SINGLE (Line Drive, 56D, EV 96.9 MPH)
Batting: RHB Arnie Taylor 0-0: Fielders Choice at 2nd, 4-6 (Groundball, 4, EV 83.1 MPH)
Batting: RHB Tyler Marés 0-0: Called Strike
0-1: Ball
1-1: Called Strike
1-2: Fly out, F7 (Flyball, 7LMF, EV 103.1 MPH)
Bottom of the 7th over - 0 runs, 1 hit, 0 errors, 1 left on base; Nolensville 4 - Milton 11
TOP OF THE 8TH
Nolensville Knights batting - Pitching for Milton Dogfish Head : LHP Poto Boldrini
Batting: RHB Dave Maxwell 0-0: Ball
1-0: Foul Ball, location: 2F
1-1: Called Strike
1-2: Ball
2-2: Foul Ball, location: 2F
2-2: Fly out, F8 (Line Drive, 8LM, EV 91.9 MPH)
Batting: LHB Russell Hamilton 0-0: Foul Ball, location: 2F
0-1: Ball
1-1: Called Strike
1-2: Ground out 1-3 (Groundball, 13S, EV 71.2 MPH)
Batting: RHB Omar Luoa 0-0: Called Strike
0-1: Ball
1-1: Foul Ball, location: 2F
1-2: Ball
2-2: Strikes out swinging
Top of the 8th over - 0 runs, 0 hits, 0 errors, 0 left on base; Nolensville 4 - Milton 11
BOTTOM OF THE 8TH
Milton Dogfish Head batting - Pitching for Nolensville Knights : RHP Donnie Rawling
Batting: RHB Hyeon-cheong Kim 0-0: Fly out, F3 (Line Drive, 3, EV 69.4 MPH)
Batting: RHB Tae-wan Park 0-0: Foul Ball, location: 2F
0-1: SINGLE (Groundball, 3S, EV 86.2 MPH) (infield hit)
Batting: RHB Troy Flynn 0-0: Foul Ball, location: 2F
0-1: Ball
1-1: Foul Ball, location: 2F
1-2: Foul Ball, location: 2F
1-2: Ball
2-2: Foul Ball, location: 2F
2-2: Foul Ball, location: 2F
2-2: Foul Ball, location: 2F
2-2: Fly out, F9 (Line Drive, 9, EV 95.0 MPH)
Batting: RHB Anthony Hollis 0-0: Ball
1-0: Swinging Strike
1-1: Ball
2-1: SINGLE (Groundball, 4MD, EV 106.2 MPH)
Tae-wan Park to second
Batting: RHB Cédric Causse 0-0: Called Strike
0-1: Ball
1-1: Ball
Passed Ball!
Tae-wan Park to third
Anthony Hollis to second
2-1: Ball
3-1: Foul Ball, location: 2F
3-2: Strikes out swinging
Bottom of the 8th over - 0 runs, 2 hits, 0 errors, 2 left on base; Nolensville 4 - Milton 11
TOP OF THE 9TH
Nolensville Knights batting - Pitching for Milton Dogfish Head : LHP Poto Boldrini
Batting: LHB Juan Jimínez 0-0: Foul Ball, location: 2F
0-1: Ground out 1-3 (Groundball, 13S, EV 71.9 MPH)
Batting: RHB Dale Goodman 0-0: Foul Ball, location: 2F
0-1: Called Strike
0-2: Ball
1-2: Ground out 6-3 (Groundball, 56, EV 100.0 MPH)
Batting: LHB Jorge Mateu 0-0: Ball
1-0: Fly out, F7 (Flyball, 7D, EV 82.5 MPH)
Top of the 9th over - 0 runs, 0 hits, 0 errors, 0 left on base; Nolensville 4 - Milton 11
Friday, March 26th, 2021 - OOTP Baseball 20.8 Build 74